 Dungeon Crawl Stone Soup version 0.29.0-4-gdea44cf6ec (webtiles) character file.

Game seed: 6036674672186374738

4119 qw the Cleaver (level 10, -6/86 HPs)
             Began as a Minotaur Berserker on Sept 9, 2022.
             Was a Priest of Trog.
             Mangled by a wight
             ... wielding a +0 dire flail
              (7 damage)
             ... on level 9 of the Dungeon.
             The game lasted 00:03:03 (9603 turns).

qw the Cleaver (Minotaur Berserker)                 Turns: 9603, Time: 00:03:04

Health: -6/86      AC:  6    Str: 27    XL:     10   Next: 6%
Magic:  9/9        EV:  6    Int:  4    God:    Trog [***...]
Gold:   626        SH: 10    Dex:  9    Spells: 9/9 levels left

rFire   . . .      SeeInvis .   b - +2 war axe
rCold   + . .      Faith    .   d - +0 kite shield
rNeg    + . .      Spirit   .   c - +0 plate armour
rPois   .          Reflect  .   (helmet restricted)
rElec   .          Harm     .   (no cloak)
rCorr   .          Rampage  .   l - +0 pair of gloves
Will    .....                   (no boots)
Stlth   ..........              a - amulet "Juajuqaji" {Acrobat +Blink rC+ rN+ Will-}
HPRegen 0.24/turn               (no ring)
MPRegen 0.11/turn               (no ring)

@: corroded, on berserk cooldown, slowed, very slow
A: horns 2, retaliatory headbutt
a: Renounce Religion, Evoke Blink, Berserk, Trog's Hand


You were on level 9 of the Dungeon.
You worshipped Trog.
Trog was most pleased with you.
You visited 1 branch of the dungeon, and saw 9 of its levels.

You collected 626 gold pieces.


Innate Abilities, Weirdness & Mutations

You have a pair of horns on your head.
You reflexively headbutt those who attack you in melee.


   Skills:
 - Level 7.0 Fighting
 + Level 12.4 Axes
 - Level 6.5 Armour
 - Level 2.1 Dodging
 - Level 9.2 Shields


You had 9 spell levels left.
You didn't know any spells.
Your spell library was empty.

Inventory:

Hand Weapons
 b - a +2 war axe (weapon)
 n - a +0 morningstar
Armour
 c - a +0 plate armour (worn)
 d - a +0 kite shield (worn)
 l - a +0 pair of gloves (worn)
Jewellery
 a - the amulet "Juajuqaji" (around neck) {Acrobat +Blink rC+ rN+ Will-}
   (You found it on level 6 of the Dungeon)

   [amulet of the acrobat]

   It increases your evasion while moving and waiting.
   rC:        It protects you from cold.
   rN:        It protects you from negative energy.
   +Blink:    It lets you blink.
   Will:      It decreases your willpower.
Scrolls
 h - a scroll of teleportation
 m - a scroll of identify
Potions
 f - a potion of haste
 j - a potion of resistance {unknown}
 k - a potion of mutation {unknown}

Dungeon Overview and Level Annotations

Branches:
Dungeon (9/15)             Temple (0/1) D:5
   Lair: D:8-11         Orc: D:9-12

Altars:
Cheibriados
Ru
Trog
Uskayaw
Wu Jian
Yredelemnul
Zin
The Shining One

Shops:
D:8 *

Annotations:
D:8 3 runed translucent doors, qw's ghost, novice MiBe


Message History

You barely miss the acid dragon.
The acid dragon is heavily wounded.
You closely miss the acid dragon. You headbutt the acid dragon!
The acid dragon is almost dead.
The acid dragon closely misses you. You block the acid dragon's attack.
The wight hits you from afar with a +0 trident!
You slash the acid dragon!
You kill the acid dragon!
Trog accepts your kill.
The wight hits you from afar with a +0 trident.
Your life force feels restored.
Items here: ( )) ? [[.
You closely miss the wight. You headbutt the wight!
The wight is heavily damaged.
You block the wight's attack.
You barely miss the wight. Your headbutt misses the wight.
The wight is heavily damaged.
You hit the wight but do no damage.
The wight is heavily damaged.
The wight barely misses you. You furiously retaliate!
You headbutt the wight. You closely miss the wight.
The wight is heavily damaged.
You hit the wight but do no damage. You slash the wight!
You destroy the wight!
Trog accepts your kill.
You hit the wight.
The wight hits you with a +0 dire flail.
You barely miss the wight. Your headbutt misses the wight.
The wight is lightly damaged.
The wight hits you with a +0 dire flail.
You barely miss the wight.
The wight is lightly damaged.
You hit the wight.
The wight is heavily damaged.
You are no longer berserk.
You are exhausted.
You feel yourself slow down.
The wight hits you with a +0 dire flail!
You die...

#.#
######.######
#~..(.......#
#~~~.(...7..#
#~~~....._).#
#~~~~.......#
#~~~........#
#~~~.....%..#
#~~......@).#
##########z##
#.# #.# . ...
####+##.#
.....
#.......+
D..>...
#.......#
........z
#........
..z........
#........


You could see a wight.

Vanquished Creatures
  Joseph (D:9)
  Grinder (D:5)
  Eustachio (D:5)
  A wyvern (D:8)
  A steam dragon (D:8)
  An acid dragon (D:9)
  A water moccasin (D:7)
  An orc warrior (D:6)
  2 sky beasts
  An ogre (D:4)
  3 centaurs
  2 kobold brigands
  4 bullfrogs
  2 scorpions
  11 wights
  3 jellies
  4 howler monkeys
  10 orc priests
  5 hounds
  13 orc wizards
  2 iguanas
  8 adders
  A shadow imp (D:5)
  A white imp (D:7)
  2 ufetubi
  2 dart slugs
  31 orcs
  4 endoplasms
  3 giant cockroaches
  6 goblins
  5 hobgoblins
  8 quokkas
  7 ball pythons
  5 bats
  2 frilled lizards
  15 kobolds
  3 rats
173 creatures vanquished.

Vanquished Creatures (others)
  2 fungi (D:8)
  A plant (D:8)
3 creatures vanquished.

Grand Total: 176 creatures vanquished

Notes
Turn   | Place    | Note
-------+----------+-------------------------------------------
     0 | D:1      | qw the Minotaur Berserker began the quest for the Orb.
     0 | D:1      | Reached XP level 1. HP: 19/19 MP: 0/0
     0 | D:1      | 0 ||| qw: Version: 0.1-a-113-g051387a
     0 | D:1      | 0 ||| qw: Game counter: 7294
     0 | D:1      | 0 ||| qw: Always use a shield: true
     0 | D:1      | 0 ||| qw: Do Orc after D:15 true
     0 | D:1      | 0 ||| qw: Do second Lair branch before Depths: true
     0 | D:1      | 0 ||| qw: Lair rune preference: random
     0 | D:1      | 0 ||| qw: Plans: Normal
     0 | D:1      | 0 ||| PLANNING D:1-11
    15 | D:1      | 15 ||| Stepping ~*~*~tactically~*~*~ (stealth).
    16 | D:1      | 16 ||| Stepping ~*~*~tactically~*~*~ (stealth).
    27 | D:1      | Reached skill level 4 in Axes
    28 | D:1      | 28 ||| Stepping ~*~*~tactically~*~*~ (stealth).
   242 | D:1      | Reached XP level 2. HP: 21/26 MP: 1/1
   307 | D:1      | 307 ||| DROPPING +0 club.
   605 | D:1      | 605 ||| Stepping ~*~*~tactically~*~*~ (stealth).
  1015 | D:1      | 1015 ||| UPGRADING to +0 leather armour.
  1025 | D:1      | 1025 ||| DROPPING +0 animal skin.
  1026 | D:1      | 1026 ||| UPGRADING to +0 ring mail.
  1036 | D:1      | 1036 ||| DROPPING +0 leather armour.
  1037 | D:1      | 1037 ||| UPGRADING to +0 pair of gloves.
  1042 | D:1      | 1042 ||| READING scroll labelled LEEBLU HOICA.
  1043 | D:1      | 1043 ||| READING scroll labelled ROTRYT GANAW.
  1044 | D:1      | 1044 ||| READING scroll labelled KAANE DEOWK.
  1045 | D:1      | 1045 ||| READING scroll labelled PUMMYUNATS.
  1046 | D:1      | 1046 ||| READING 2 scrolls labelled GUCVOG DAGHO.
  1047 | D:1      | 1047 ||| DROPPING scroll of vulnerability.
  1048 | D:1      | 1048 ||| Stepping randomly (stuck).
  1049 | D:1      | 1049 ||| Stepping ~*~*~tactically~*~*~ (cloud).
  1055 | D:1      | HP: 6/26 [poisoned by you (poison gas)]
  1491 | D:2      | Reached skill level 5 in Axes
  1505 | D:2      | Reached XP level 3. HP: 31/31 MP: 2/2
  1506 | D:2      | Found a glowing golden altar of the Shining One.
  1758 | D:2      | 1758 ||| UPGRADING to +0 plate armour.
  1768 | D:2      | 1768 ||| UPGRADING to +0 kite shield.
  1773 | D:2      | 1773 ||| DROPPING +0 ring mail.
  1774 | D:2      | 1774 ||| READING scroll labelled YLAEGOYQURCH.
  1778 | D:2      | 1778 ||| READING scroll labelled OMNOIK YPRU.
  1779 | D:2      | 1779 ||| READING scroll labelled URPHIY LUURY.
  1897 | D:3      | 1897 ||| INVOKING Berserk.
  1901 | D:3      | Reached XP level 4. HP: 39/39 MP: 3/3
  1912 | D:3      | Reached ** piety under Trog
  1913 | D:3      | Reached skill level 3 in Shields
  2040 | D:3      | Found a bloodstained altar of Trog.
  2044 | D:3      | Found a sacrificial altar of Ru.
  2356 | D:3      | Found a basalt altar of Yredelemnul.
  2524 | D:3      | 2524 ||| SWAPPING to +0 war axe.
  2525 | D:3      | 2525 ||| DROPPING +0 hand axe.
  2751 | D:3      | 2751 ||| Stepping ~*~*~tactically~*~*~ (hiding).
  2861 | D:3      | 2861 ||| READING 3 scrolls labelled OCKILI MUBAZU.
  2862 | D:3      | 2862 ||| DROPPING 2 scrolls of fear.
  2885 | D:4      | 2885 ||| INVOKING Berserk.
  2889 | D:4      | Reached XP level 5. HP: 45/45 MP: 4/4
  3083 | D:4      | Noticed an ogre
  3088 | D:4      | 3088 ||| INVOKING Berserk.
  3090 | D:4      | Killed an ogre
  3091 | D:4      | Reached skill level 6 in Axes
  3148 | D:4      | Found a glowing golden altar of the Shining One.
  3318 | D:4      | Reached XP level 6. HP: 48/51 MP: 5/5
  3339 | D:4      | Identified the +2 sling of Proximity {vorpal, *Corrode
                  | rElec Str+7 Int+2}
  3354 | D:4      | 3354 ||| Stepping ~*~*~tactically~*~*~ (stealth).
  3355 | D:4      | 3355 ||| Stepping ~*~*~tactically~*~*~ (stealth).
  3357 | D:4      | 3357 ||| Stepping ~*~*~tactically~*~*~ (hiding).
  3358 | D:4      | 3358 ||| Stepping ~*~*~tactically~*~*~ (hiding).
  3362 | D:4      | 3362 ||| INVOKING Berserk.
  3430 | D:4      | 3430 ||| DROPPING +0 whip.
  3600 | D:4      | 3600 ||| INVOKING Berserk.
  3602 | D:4      | Reached skill level 7 in Axes
  3931 | D:4      | Found a hide-covered altar of Uskayaw.
  3952 | D:4      | 3952 ||| INVOKING Berserk.
  3954 | D:4      | Reached skill level 3 in Armour
  3964 | D:4      | 3964 ||| FLEEEEING.
  3965 | D:4      | 3965 ||| FLEEEEING.
  3966 | D:4      | 3966 ||| FLEEEEING.
  3967 | D:4      | 3967 ||| FLEEEEING.
  3968 | D:4      | 3968 ||| FLEEEEING.
  3978 | D:4      | 3978 ||| STAIRDANCE
  4080 | D:3      | 4080 ||| DRINKING 2 orange potions.
  4081 | D:3      | 4081 ||| DROPPING potion of invisibility.
  4388 | D:5      | Entered Level 5 of the Dungeon
  4411 | D:5      | 4411 ||| INVOKING Berserk.
  4413 | D:5      | Reached XP level 7. HP: 60/60 MP: 6/6
  4723 | D:5      | Reached skill level 8 in Axes
  4874 | D:5      | Noticed Grinder
  4875 | D:5      | 4875 ||| INVOKING Trog's Hand.
  4878 | D:5      | 4878 ||| INVOKING Berserk.
  4890 | D:5      | 4890 ||| INVOKING Trog's Hand.
  4896 | D:5      | Killed Grinder
  4897 | D:5      | Reached skill level 6 in Shields
  5033 | D:5      | Noticed Eustachio
  5034 | D:5      | 5034 ||| Stepping ~*~*~tactically~*~*~ (hiding).
  5038 | D:5      | 5038 ||| INVOKING Berserk.
  5040 | D:5      | Killed Eustachio
  5048 | D:5      | Reached skill level 9 in Axes
  5048 | D:5      | Reached XP level 8. HP: 67/67 MP: 7/7
  5429 | D:5      | Found a staircase to the Ecumenical Temple.
  5456 | D:5      | 5456 ||| READING scroll labelled UTILONW YNNUFE.
  5457 | D:5      | 5457 ||| DRINKING 2 smoky emerald potions.
  5562 | D:5      | 5562 ||| READING 2 scrolls of identify.
  5562 | D:5      | 5562 ||| IDENTIFYING lumpy cyan potion
  5563 | D:5      | 5563 ||| DROPPING potion of flight.
  5564 | D:5      | 5564 ||| DROPPING potion of berserk rage.
  5623 | D:6      | Identified the amulet "Juajuqaji" {Acrobat +Blink rC+ rN+
                  | Will-}
  5720 | D:6      | 5720 ||| INVOKING Berserk.
  5896 | D:6      | 5896 ||| Stepping ~*~*~tactically~*~*~ (hiding).
  5898 | D:6      | 5898 ||| DRINKING 2 potions of curing.
  5898 | D:6      | 5898 ||| (to cure confusion)
  5903 | D:6      | 5903 ||| INVOKING Berserk.
  5905 | D:6      | Found a snail-covered altar of Cheibriados.
  6475 | D:6      | Found a glowing silver altar of Zin.
  6476 | D:6      | Noticed an angel
  6630 | D:6      | 6630 ||| UPGRADING to amulet "Juajuqaji" {Acrobat +Blink
                  | rC+ rN+ Will-}.
  6635 | D:6      | 6635 ||| DRINKING 2 fuming coppery potions.
  6670 | D:6      | 6670 ||| READING 2 scrolls of identify.
  6670 | D:6      | 6670 ||| IDENTIFYING white potion
  6671 | D:6      | 6671 ||| DROPPING potion of lignification.
  6785 | D:7      | Reached skill level 10 in Axes
  6791 | D:7      | 6791 ||| INVOKING Berserk.
  6953 | D:7      | Reached skill level 6 in Fighting
  7116 | D:7      | 7116 ||| Stepping ~*~*~tactically~*~*~ (stealth).
  7118 | D:7      | 7118 ||| Stepping ~*~*~tactically~*~*~ (stealth).
  7186 | D:7      | 7186 ||| Stepping ~*~*~tactically~*~*~ (stealth).
  7187 | D:7      | 7187 ||| Stepping ~*~*~tactically~*~*~ (stealth).
  7302 | D:7      | 7302 ||| Stepping ~*~*~tactically~*~*~ (stealth).
  7304 | D:7      | 7304 ||| Stepping ~*~*~tactically~*~*~ (hiding).
  7312 | D:7      | Reached *** piety under Trog
  7330 | D:7      | 7330 ||| Stepping ~*~*~tactically~*~*~ (stealth).
  7537 | D:7      | 7537 ||| READING scroll labelled FUQUXKI ASTE.
  7570 | D:8      | Reached XP level 9. HP: 75/75 MP: 8/8
  7624 | D:8      | Reached skill level 11 in Axes
  7625 | D:8      | 7625 ||| Stepping ~*~*~tactically~*~*~ (stealth).
  7628 | D:8      | 7628 ||| Stepping ~*~*~tactically~*~*~ (stealth).
  7631 | D:8      | 7631 ||| INVOKING Berserk.
  7734 | D:8      | 7734 ||| FLEEEEING.
  7735 | D:8      | 7735 ||| FLEEEEING.
  7751 | D:8      | 7751 ||| INVOKING Berserk.
  7764 | D:8      | HP: 16/75 [orc/+0 flail (3)]
  7765 | D:8      | 7765 ||| READING 4 scrolls of teleportation.
  7766 | D:8      | HP: 7/75 [orc/+0 flail (6)]
  7768 | D:8      | 7768 ||| DRINKING 2 potions of curing.
  7768 | D:8      | 7768 ||| (to cure confusion)
  7868 | D:8      | 7868 ||| Invisible monster not found???
  8063 | D:8      | 8063 ||| Stepping ~*~*~tactically~*~*~ (stealth).
  8065 | D:8      | 8065 ||| INVOKING Berserk.
  8099 | D:8      | 8099 ||| FLEEEEING.
  8100 | D:8      | 8100 ||| FLEEEEING.
  8101 | D:8      | 8101 ||| FLEEEEING.
  8102 | D:8      | 8102 ||| FLEEEEING.
  8110 | D:8      | 8110 ||| DRINKING potion of curing.
  8110 | D:8      | 8110 ||| (to cure confusion)
  8125 | D:8      | 8125 ||| INVOKING Berserk.
  8283 | D:8      | 8283 ||| Stepping ~*~*~tactically~*~*~ (stealth).
  8328 | D:8      | 8328 ||| Stepping ~*~*~tactically~*~*~ (hiding).
  8341 | D:8      | 8341 ||| Stepping ~*~*~tactically~*~*~ (hiding).
  8350 | D:8      | 8350 ||| Stepping ~*~*~tactically~*~*~ (hiding).
  8356 | D:8      | 8356 ||| DRINKING potion of curing.
  8356 | D:8      | 8356 ||| (to cure confusion)
  8495 | D:8      | Found Ynuidgheg's General Store.
  8504 | D:8      | Found a runed translucent gate.
  8504 | D:8      | Found a runed translucent gate.
  8504 | D:8      | Found a runed translucent gate.
  8507 | D:8      | Noticed qw's ghost (novice MiBe)
  8745 | D:8      | 8745 ||| Stepping ~*~*~tactically~*~*~ (cloud).
  8746 | D:8      | 8746 ||| Stepping ~*~*~tactically~*~*~ (cloud).
  8749 | D:8      | 8749 ||| INVOKING Berserk.
  8753 | D:8      | Reached skill level 12 in Axes
  8879 | D:8      | 8879 ||| DRINKING 2 puce potions.
  8880 | D:8      | 8880 ||| READING 2 scrolls of identify.
  8880 | D:8      | 8880 ||| IDENTIFYING fuming golden potion
  8881 | D:8      | 8881 ||| DROPPING potion of magic.
  8882 | D:8      | 8882 ||| DROPPING potion of attraction.
  8934 | D:9      | 8934 ||| INVOKING Berserk.
  9108 | D:9      | Identified the +0 ring mail "Osemaas" {*Corrode Int+5}
  9168 | D:9      | 9168 ||| FLEEEEING.
  9169 | D:9      | 9169 ||| FLEEEEING.
  9170 | D:9      | 9170 ||| FLEEEEING.
  9171 | D:9      | 9171 ||| FLEEEEING.
  9172 | D:9      | 9172 ||| FLEEEEING.
  9173 | D:9      | 9173 ||| FLEEEEING.
  9174 | D:9      | 9174 ||| FLEEEEING.
  9175 | D:9      | 9175 ||| FLEEEEING.
  9176 | D:9      | 9176 ||| FLEEEEING.
  9177 | D:9      | 9177 ||| FLEEEEING.
  9178 | D:9      | 9178 ||| FLEEEEING.
  9179 | D:9      | 9179 ||| FLEEEEING.
  9197 | D:9      | 9197 ||| INVOKING Berserk.
  9199 | D:9      | Reached skill level 9 in Shields
  9201 | D:9      | Noticed Joseph
  9204 | D:9      | HP: 15/79 [Joseph/+0 quarterstaff (11)]
  9205 | D:9      | 9205 ||| READING 3 scrolls of teleportation.
  9208 | D:9      | 9208 ||| READING 2 scrolls of teleportation.
  9210 | D:9      | HP: 12/79 [wight/+0 long sword (5)]
  9256 | D:9      | 9256 ||| Stepping ~*~*~tactically~*~*~ (stealth).
  9259 | D:9      | 9259 ||| INVOKING Berserk.
  9263 | D:9      | Killed Joseph
  9264 | D:9      | Reached skill level 6 in Armour
  9511 | D:9      | 9511 ||| SWAPPING to +2 war axe.
  9512 | D:9      | 9512 ||| DROPPING +0 war axe.
  9561 | D:9      | Found an ornate altar of the Wu Jian Council.
  9572 | D:9      | 9572 ||| Stepping ~*~*~tactically~*~*~ (hiding).
  9574 | D:9      | 9574 ||| Stepping ~*~*~tactically~*~*~ (stealth).
  9576 | D:9      | 9576 ||| Stepping ~*~*~tactically~*~*~ (hiding).
  9582 | D:9      | Reached XP level 10. HP: 67/86 MP: 9/9
  9587 | D:9      | 9587 ||| INVOKING Berserk.
  9591 | D:9      | HP: 23/126 [acid dragon/splash of acid (9)]
  9594 | D:9      | HP: 10/126 [wight/+0 trident (6)]
  9600 | D:9      | HP: 6/129 [wight/+0 dire flail (5)]
  9601 | D:9      | HP: 1/129 [wight/+0 dire flail (5)]
  9603 | D:9      | Mangled by a wight

Levels and vault maps discovered:
D:1:      tarquinn_simple_flora_water_e, layout_basic
D:2:      layout_rooms, basic_altar
D:3:      layout_basic, bloody_trog, hangedman_ru_absence,
          yredelemnul_altar_generic
D:4:      layout_basic, mainiacjoe_overflow_concentric_impassable,
          tso_metal_star, lemuel_another_geyser
D:5:      layout_cave_pods, temple_hall, uniq_eustachio, uniq_grinder
D:6:      layout_loops_ring, lemuel_coloured_pillars_altar, zin_angel
D:7:      layout_basic
D:8:      layout_cave_pools, gammafunk_ghost_nasty_kobolds,
          nicolae_take_the_stairs, st_stairs_5, kennysheep_generic_room_6
D:9:      layout_roguey, nzn_wu_jian_contemplation,
          mainiacjoe_overflow_surrounded_room, uniq_pikel, uniq_joseph

Skill      XL: |  1  2  3  4  5  6  7  8  9 |
---------------+----------------------------+-----
Axes           | 4 5 6 7 9 10 12 | 12.4
Shields        | 2 4 5 6 7 9 |  9.2
Armour         | 3 4 6 |  6.5
Fighting       | 4 6 7 |  7.0
Dodging        | |  2.1

Action                   |  1- 3 |  4- 6 |  7- 9 | 10-12 || total
-------------------------+-------+-------+-------+-------++-------
Melee: Hand axe          |    69 |    36 |       |       ||   105
       Headbutt          |    11 |     9 |    35 |     4 ||    59
       War axe           |       |    81 |   244 |    20 ||   345
Throw: Boomerang         |       |    14 |       |       ||    14
Invok: Berserk           |     1 |     6 |    13 |     1 ||    21
       Trog's Hand       |       |       |     2 |       ||     2
  Use: Scroll            |     8 |     1 |     8 |       ||    17
       Potion            |       |     1 |     7 |       ||     8
Armor: Animal skin       |     5 |       |       |       ||     5
       Ring mail         |     8 |       |       |       ||     8
       Plate armour      |     2 |    59 |   128 |     2 ||   191
Dodge: Dodged            |    27 |    20 |    64 |     4 ||   115
Block: Kite shield       |     1 |    47 |    94 |    14 ||   156

Table legend:
 A = Non-vault XP
 B = Vault XP
 C = Vault XP percentage of total XP
 D = Non-vault monster count
 E = Vault monster count
 F = Vault count percentage of total count
                 A         B        C        D         E       F
            +---------+---------+-------+---------+---------+-------
      Total |    4529 |    1356 |  23.0 |     166 |       7 |   4.0
            +---------+---------+-------+---------+---------+-------
        D:1 |      22 |       0 |   0.0 |      15 |       0 |   0.0
        D:2 |      27 |       0 |   0.0 |      10 |       0 |   0.0
        D:3 |     132 |       0 |   0.0 |      19 |       0 |   0.0
        D:4 |     510 |       0 |   0.0 |      28 |       0 |   0.0
        D:5 |     317 |     446 |  58.5 |      15 |       2 |  11.8
        D:6 |     707 |       0 |   0.0 |      15 |       0 |   0.0
        D:7 |     593 |       0 |   0.0 |      21 |       0 |   0.0
        D:8 |    1143 |     397 |  25.8 |      26 |       4 |  13.3
        D:9 |    1078 |     513 |  32.2 |      17 |       1 |   5.6
            +---------+---------+-------+---------+---------+-------
